 Dungeon Crawl Stone Soup version 0.28.0-53-g5a82cb258f (webtiles) character file.

Game seed: 6050098096887842487

107 bnorton916 the Magician (level 4, -3/24 HPs)
             Began as a Deep Elf Fire Elementalist on July 21, 2022.
             Slain by Edmund
             ... wielding a +2 flail of protection
              (6 damage)
             ... on level 4 of the Dungeon.
             The game lasted 00:02:57 (3682 turns).

bnorton916 the Magician (DEFE)                      Turns: 3682, Time: 00:02:58

Health: -3/24      AC:  2    Str:  5    XL:     4   Next: 56%
Magic:  1/12       EV: 12    Int: 22    God:
Gold:   116        SH:  0    Dex: 15    Spells: 3/12 levels left

rFire   . . .      SeeInvis .   (no weapon)
rCold   . . .      Faith    .   (no shield)
rNeg    . . .      Spirit   .   a - +0 robe
rPois   .          Reflect  .   (no helmet)
rElec   .          Harm     .   (no cloak)
rCorr   .          Rampage  .   (no gloves)
Will    .....                   (no boots)
Stlth   ++........              (no amulet)
HPRegen 0.08/turn               (no ring)
MPRegen 0.13/turn               (no ring)

@: attractive
A: no striking features
a: no special abilities


You were on level 4 of the Dungeon.
You visited 1 branch of the dungeon, and saw 4 of its levels.

You collected 116 gold pieces.

Inventory:

Hand Weapons
 e - a +2 dagger of freezing
Missiles
 c - 31 stones
 j - a throwing net
Armour
 a - a +0 robe (worn)
Scrolls
 b - 2 scrolls of fog {unknown}
 d - a scroll of teleportation {unknown}
 f - a scroll of noise {unknown}
 g - a scroll of holy word {unknown}
 k - 2 scrolls of identify {unknown}
 l - a scroll of vulnerability {unknown}
 m - a scroll of enchant armour {unknown}
 n - a scroll of amnesia {unknown}
Potions
 h - a potion of attraction
 i - a potion of lignification {unknown}
 o - a potion of resistance {unknown}


   Skills:
 - Level 2.4 Dodging
 - Level 2.4 Stealth
 + Level 4.5 Spellcasting
 + Level 2.9 Conjurations
 + Level 4.3 Fire Magic


You had 3 spell levels left.
You knew the following spells:

 Your Spells              Type           Power      Damage    Failure   Level
a - Foxfire               Conj/Fire      80%        2x1d8     2%          1
b - Scorch                Fire           48%        2d7       2%          2
c - Conjure Flame         Conj/Fire      20%        6-21      7%          3
d - Mephitic Cloud        Conj/Pois/Air  9%         N/A       22%         3

Your spell library contained the following spells:

 Spells                   Type           Power      Damage    Failure   Level
 Magic Dart               Conj           68%        1d6       3%          1
 Inner Flame              Hex/Fire       14%        N/A       13%         3
 Call Imp                 Summ           4%         N/A       16%         2
 Flame Wave               Conj/Fire      20%        2d7       24%         4


Dungeon Overview and Level Annotations

Branches:
Dungeon (4/15)
 Temple: D:4-7

Altars:
Wu Jian
The Shining One

Annotations:
D:3 2 transporters, DocClef's ghost, amateur GnFE
D:4 Edmund


Message History

You conjure some foxfire!
The foxfire hits Edmund but does no damage.
Edmund shouts!
Casting: Foxfire (safe; 2% risk of failure)
Confirm with . or Enter, or press ? or * to list all spells.
You conjure some foxfire!
The foxfire hits Edmund but does no damage.
Casting: Foxfire (safe; 2% risk of failure)
Confirm with . or Enter, or press ? or * to list all spells.
Flames lash Edmund.
Edmund is moderately wounded.
Edmund's fire resistance burns away.
Unknown command.
Casting: Scorch (safe; 2% risk of failure)
Confirm with . or Enter, or press ? or * to list all spells.
Flames lash Edmund.
Edmund is burned terribly!
Edmund is heavily wounded.
Casting: Scorch (safe; 2% risk of failure)
Confirm with . or Enter, or press ? or * to list all spells.
Flames lash Edmund.
Edmund is heavily wounded.
Casting: Scorch (safe; 2% risk of failure)
Confirm with . or Enter, or press ? or * to list all spells.
Flames lash Edmund.
Edmund is burned terribly!
Edmund is severely wounded.
Edmund hits you with a +2 flail of protection!
Ouch! That really hurt!
Edmund hits you with a +2 flail of protection!
* * * LOW HITPOINT WARNING * * *
Unknown command.
Casting: Scorch (safe; 2% risk of failure)
Confirm with . or Enter, or press ? or * to list all spells.
You don't have enough magic to cast this spell.
You aren't carrying any items that you can evoke.
Unknown command.
Unknown command.
It was a potion of attraction.
You feel attractive to monsters.
Edmund hits you with a +2 flail of protection.
You die...

############
#.$..@@<...#
#.########.....
###


You could see Edmund (combustible).

Vanquished Creatures
  4 gnolls (D:2)
  3 dart slugs
  4 orcs (D:3)
  6 ball pythons
  3 endoplasms
  3 giant cockroaches
  3 hobgoblins
  3 quokkas
  4 bats
  3 frilled lizards
  5 goblins
  8 kobolds
  7 rats
56 creatures vanquished.

Vanquished Creatures (collateral kills)
  5 foxfires (D:1)
5 creatures vanquished.

Vanquished Creatures (others)
  294 foxfires
  A fungus (D:1)
  4 plants (D:1)
299 creatures vanquished.

Grand Total: 360 creatures vanquished

Notes
Turn   | Place    | Note
-------+----------+-------------------------------------------
     0 | D:1      | bnorton916 the Deep Elf Fire Elementalist began the quest
                  | for the Orb.
     0 | D:1      | Reached XP level 1. HP: 10/10 MP: 6/6
   318 | D:1      | Reached XP level 2. HP: 15/15 MP: 5/8
   504 | D:1      | Found a faded altar of an unknown god.
  1120 | D:2      | Reached XP level 3. HP: 15/19 MP: 3/10
  1384 | D:2      | Learned a level 2 spell: Scorch
  1388 | D:2      | Learned a level 3 spell: Conjure Flame
  1392 | D:2      | Learned a level 3 spell: Mephitic Cloud
  1402 | D:2      | Reached XP level 4. HP: 22/24 MP: 8/12
  2409 | D:3      | Found a glowing golden altar of the Shining One.
  2423 | D:3      | Found an ornate altar of the Wu Jian Council.
  2981 | D:3      | Found a transporter.
  2982 | D:3      | Noticed DocClef's ghost (amateur GnFE)
  2984 | D:3      | Noticed an ogre
  2985 | D:3      | Identified the +6 giant spiked club of Fupaufer {spect, rF+
                  | rN+}
  2985 | D:3      | Noticed an ogre
  2990 | D:3      | Noticed an ogre
  3021 | D:3      | Found a transporter.
  3615 | D:4      | Noticed a necrophage
  3665 | D:4      | Noticed Edmund
  3682 | D:4      | Slain by Edmund

Illustrated notes

Levels and vault maps discovered:
D:1:      wander_arrival_estate, layout_rooms,
          shapermc_ecumenical_altar_mp_ritualfount
D:2:      layout_loops_ring, serial_co_window_serial, co_window_paths_a,
          co_window_corner_a, co_window_paths_b, co_window_cross_1,
          co_window_corner_a, co_window_of_opportunity_a, co_window_paths_a,
          co_window_cross_2, co_window_unsneaky_path_b,
          co_window_of_opportunity_b, glass_columns_a, glass_columns_a,
          glass_columns_a, minmay_misc_feat_more_columns
D:3:      layout_basic, mainiacjoe_overflow_catwalk_spiral,
          gammafunk_ghost_smash
D:4:      layout_loops_ring, uniq_edmund

Skill      XL: |  1  2  3 |
---------------+----------+-----
Conjurations   | 2 |  2.9
Spellcasting   | 4 |  4.5
Fire Magic     | 4 |  4.3
Dodging        | |  2.4
Stealth        | |  2.4

Action                   |  1- 3 |  4- 6 || total
-------------------------+-------+-------++-------
 Cast: Foxfire           |    86 |    88 ||   174
       Scorch            |       |     6 ||     6
       Conjure Flame     |       |     1 ||     1
  Use: Potion            |       |     1 ||     1
Armor: Robe              |     1 |       ||     1
Dodge: Dodged            |     2 |     4 ||     6
